 Dungeon Crawl Stone Soup version 0.27.1-33-g824d729ab1 (webtiles) character file.

Game seed: 12050876226260654848

3549 zeram the Covert (level 10, -1/63 HPs)
             Began as an Octopode Fighter on Dec 25, 2021.
             Was an Initiate of Gozag.
             Slain by an orc warrior (17 damage)
             ... on level 6 of the Dungeon.
             The game lasted 00:13:04 (6023 turns).

zeram the Covert (Octopode Fighter)                 Turns: 6023, Time: 00:13:05

Health: -1/63      AC:  1    Str: 21    XL:     10   Next: 9%
Magic:  19/19      EV: 12    Int: 14    God:    Gozag
Gold:   271        SH: 13    Dex:  9    Spells: 9/9 levels left

rFire    . . .     SeeInvis .   a - +0 rapier (freeze)
rCold    . . .     Faith    .   b - +1 kite shield
rNeg     . . .     Spirit   .   (helmet restricted)
rPois    .         Reflect  .   g - amulet of regeneration
rElec    .         Harm     .   t - +6 ring of strength
rCorr    +         Rampage  .   v - ring "Wetwegaj" {rCorr MP+9 Dex-3 Stlth+}
Will     .....                  (no ring)
Stlth    +++++++...             (no ring)
HPRegen  1.20/turn              (no ring)
MPRegen  0.16/turn              (no ring)
                                (no ring)
                                (no ring)

@: gold aura
A: almost no armour, amphibious, 8 rings, camouflage 1, gelatinous body 1,
(nimble swimmer 1), tentacles
a: Renounce Religion, Potion Petition, Call Merchant, Bribe Branch


You were on level 6 of the Dungeon.
You worshipped Gozag.
Gozag was aware of your devotion.
You visited 2 branches of the dungeon, and saw 8 of its levels.
You also visited: Sewer.

You collected 393 gold pieces.
You paid 122 gold pieces to Gozag.

Inventory:

Hand Weapons
 a - a +0 rapier of freezing (weapon)
Missiles
 r - a throwing net (quivered)
Armour
 b - a +1 kite shield (worn)
Jewellery
 g - an amulet of regeneration (around mantle)
 t - a +6 ring of strength (left tentacle)
 v - the ring "Wetwegaj" (right tentacle) {rCorr MP+9 Dex-3 Stlth+}
   (You acquired it on level 6 of the Dungeon)

   [ring of magical power]

   Dex:       It affects your dexterity (-3).
   MP:        It affects your magic capacity (+9).
   rCorr:     It protects you from acid and corrosion.
   Stlth:     It makes you more stealthy.
Wands
 q - a wand of flame (18)
 u - a wand of polymorph (5)
Scrolls
 d - 5 scrolls of teleportation
 e - 3 scrolls of blinking
 i - 3 scrolls of fear
 j - 2 scrolls of holy word
 m - a scroll of fog
Potions
 c - a potion of lignification {unknown}
 f - 2 potions of haste
 h - a potion of curing
 k - a potion of magic {unknown}
 n - a potion of degeneration {unknown}
 o - a potion of invisibility {unknown}
 p - a potion of resistance
 s - a potion of attraction {unknown}


   Skills:
 - Level 3.0 Fighting
 - Level 2.0 Short Blades
 - Level 3.0 Dodging
 + Level 13.5 Stealth
 * Level 10.4 Shields


You had 9 spell levels left.
You didn't know any spells.
Your spell library contained the following spells:

 Spells                   Type           Power      Damage    Failure   Level
 Alistair's Intoxication  Tmut/Pois      0%         N/A       100%        5
 Borgnjor's Vile Clutch   Necr/Erth      0%         N/A       100%        5
 Eringya's Noxious Bog    Tmut/Pois      0%         N/A       100%        6


Dungeon Overview and Level Annotations

Branches:
Dungeon (7/15)             Temple (1/1) D:7           Sewer (visited)

Altars:
Ashenzari
Cheibriados
Dithmenos
Fedhas
Gozag
Hepliaklqana
Makhleb
Nemelex Xobeh
Okawaru
Qazlal
Sif Muna
Trog
Uskayaw
Vehumet
Xom
Yredelemnul
Zin
The Shining One

Shops:
D:4 [   D:6 *


Innate Abilities, Weirdness & Mutations

You cannot wear most types of armour.
You are amphibious.
You can wear up to eight rings at the same time.
Your skin changes colour to match your surroundings (Stealth+).
Your rubbery body absorbs attacks. (AC +1, EV +1)
((You are camouflaged near water. (Stealth+)))
You have tentacles for arms and can constrict up to eight enemies at once.


Message History

You close the large door.
An orc warrior opens the large door.
The orc warrior hits you from afar with a +0 glaive!!
You block the orc warrior's attack.
There is a large open door here.
There is a stone staircase leading up here.
The orc warrior hits you with a +0 glaive!
There is a stone staircase leading up here.
The orc priest invokes the aid of Beogh against you.
Beogh smites you! You block the orc warrior's attack.
You hear a shout!
You climb upwards.
There is a stone staircase leading down here.
You hit the orc. You freeze the orc. Your grab misses the orc.
The orc is moderately wounded.
You block the orc's attack. The orc warrior barely misses you.
The orc hits you with a +0 short sword.
You puncture the orc! You freeze the orc.
You kill the orc!
The orc warrior hits you with a +0 glaive!
You hit the orc warrior. You freeze the orc warrior.
Your grab misses the orc warrior. You squeeze the orc warrior.
The orc warrior is heavily wounded.
You block the orc warrior's attack.
You closely miss the orc warrior. You grab the orc warrior.
You squeeze the orc warrior, but do no damage.
The orc warrior is heavily wounded.
You constrict the orc warrior, but do no damage.
The orc warrior hits you with a +0 glaive!!
* * * LOW HITPOINT WARNING * * *
You feel better.
You constrict the orc warrior, but do no damage.
The orc warrior is distracted by your dazzling golden aura.
You barely miss the orc warrior.
The orc warrior is no longer distracted by gold.
You squeeze the orc warrior, but do no damage.
The orc warrior is heavily wounded.
You constrict the orc warrior. You block the orc warrior's attack.
The orc warrior hits you with a +0 glaive!
You die...
Your body crumbles into a pile of gold.

#.#
#.########.##.#.#.
#.# #.#####
#.##.#.#. #.#
#.....# #.##.#.#.
#.# #.....#
#.##.#.## #.#
#.....# #.##.#.#
#.#
#.....####+##.#.##
#.#
#.......)...#.#...
#.#
#$o...............
#.#
#@................
#.#
#####.......#.#...
#.# #.......#.....
#.# ######.#######
#.# #.# #.# #.#
#.# #.# #.# #.#
#.# #.#


You could see an orc warrior.

Vanquished Creatures
  Joseph (D:7)
  Prince Ribbit (D:7)
  A shadow (D:7)
  Menkaure (D:7)
  Edmund (D:5)
  A water moccasin (D:7)
  An orc warrior (D:6)
  2 black bears (D:5)
  4 sky beasts
  4 ogres
  3 bullfrogs
  3 scorpions (D:4)
  A water moccasin skeleton (D:4)
  7 killer bees
  4 wights (D:7)
  A howler monkey (D:4)
  A centaur zombie (D:5)
  2 hounds
  3 jellies
  A gnoll shaman (D:4)
  An orc priest (D:6)
  2 bullfrog skeletons (D:5)
  A centaur skeleton (D:7)
  An iguana (D:4)
  A hound skeleton (D:5)
  13 adders
  A white imp (D:7)
  3 ufetubi
  An adder skeleton (D:4)
  3 worms (D:5)
  6 dart slugs
  7 orcs
  20 ball pythons
  21 endoplasms
  10 giant cockroaches
  2 goblins (D:1)
  9 hobgoblins
  5 jackals
  9 quokkas
  3 bats
  21 frilled lizards
  11 kobolds
  13 rats
207 creatures vanquished.

Notes
Turn   | Place    | Note
-------+----------+-------------------------------------------
     0 | D:1      | zeram the Octopode Fighter began the quest for the Orb.
     0 | D:1      | Reached XP level 1. HP: 16/16 MP: 1/1
   110 | D:1      | Reached XP level 2. HP: 19/21 MP: 2/2
   325 | D:1      | Reached skill level 1 in Stealth
   523 | D:1      | Reached XP level 3. HP: 26/26 MP: 3/3
   856 | D:1      | Reached skill level 2 in Stealth
  1142 | D:2      | Reached XP level 4. HP: 25/31 MP: 4/4
  1245 | D:2      | Reached skill level 3 in Stealth
  1666 | D:2      | Reached skill level 4 in Stealth
  1852 | D:3      | Reached XP level 5. HP: 31/36 MP: 5/5
  1868 | D:3      | Found a glowing silver altar of Zin.
  1871 | D:3      | Found a radiant altar of Vehumet.
  1881 | D:3      | Found a basalt altar of Yredelemnul.
  2012 | D:3      | Found a snail-covered altar of Cheibriados.
  2151 | D:3      | Reached skill level 5 in Stealth
  2387 | D:4      | Reached skill level 6 in Stealth
  2387 | D:4      | Reached XP level 6. HP: 42/42 MP: 6/6
  2471 | D:4      | Reached skill level 5 in Shields
  2520 | D:4      | Reached skill level 7 in Stealth
  2576 | D:4      | Found Feos's Armour Shop.
  2684 | D:4      | Reached skill level 8 in Stealth
  2684 | D:4      | Reached XP level 7. HP: 46/46 MP: 7/7
  2939 | D:4      | Reached skill level 9 in Stealth
  3255 | D:5      | Entered Level 5 of the Dungeon
  3255 | D:5      | Found a bloodstained altar of Trog.
  3305 | D:5      | Noticed Edmund
  3315 | D:5      | Killed Edmund
  3316 | D:5      | Reached XP level 8. HP: 49/52 MP: 8/8
  3327 | D:5      | Reached skill level 10 in Stealth
  3680 | D:5      | Reached skill level 11 in Stealth
  3786 | D:5      | Found a glowing drain.
  3797 | Sewer    | Entered a sewer
  4224 | D:5      | Reached XP level 9. HP: 24/56 MP: 9/9
  4552 | D:6      | Reached skill level 12 in Stealth
  4857 | D:6      | Identified a scroll of acquirement
  4857 | D:6      | Acquired the ring "Wetwegaj" {rCorr MP+9 Dex-3 Stlth+}
  4977 | D:6      | Found Zuddalib's Serpentskin Sales.
  5177 | D:7      | Noticed Prince Ribbit
  5191 | D:7      | Killed Prince Ribbit
  5406 | D:7      | Found a staircase to the Ecumenical Temple.
  5449 | Temple   | Entered the Ecumenical Temple
  5673 | Temple   | Became a worshipper of Gozag Ym Sagoz the Greedy
  5712 | D:7      | Noticed Joseph
  5751 | D:7      | Killed Joseph
  5752 | D:7      | Reached skill level 13 in Stealth
  5752 | D:7      | Reached skill level 10 in Shields
  5752 | D:7      | Reached XP level 10. HP: 31/63 MP: 10/10
  5911 | D:7      | Noticed Menkaure
  5918 | D:7      | Killed Menkaure
  6023 | D:6      | Slain by an orc warrior

Illustrated notes

Levels and vault maps discovered:
D:1:      dpeg_arrival_ratfight, layout_loops_ring
D:2:      minmay_spotlight, layout_basic, minmay_tromino_mix6
D:3:      layout_basic, general_overflow_altar, grunt_temple_overflow_open
D:4:      layout_basic, serial_shops, shop, hangedman_abyss_or_decor_passed,
          minmay_misc_feat_columns, hangedman_decor_points, minmay_pentangle
D:5:      layout_basic, trog_ov_bears_minmay, cheibrodos_sewer_entry_bend,
          uniq_edmund
D:6:      layout_basic, guppyfry_shop_venom
D:7:      layout_basic, minmay_temple_entry_statues_pillars,
          kennysheep_cross_room, uniq_joseph, uniq_pikel, uniq_menkaure,
          uniq_prince_ribbit1
Temple:   oiseaux_autumnal_temple

Skill      XL: |  1  2  3  4  5  6  7  8  9 |
---------------+----------------------------+-----
Stealth        | 1 2 4 6 8 9 11 13 | 13.5
Shields        | 4 5 6 7 10 | 10.4
Fighting       | |  3.0
Short Blades   | |  2.0
Dodging        | |  3.0

Action                   |  1- 3 |  4- 6 |  7- 9 | 10-12 || total
-------------------------+-------+-------+-------+-------++-------
Melee: Rapier            |    66 |    88 |   245 |    18 ||   417
       Tentacles         |    13 |    18 |    38 |     6 ||    75
       Constrict         |    12 |    24 |    41 |     1 ||    78
  Use: Scroll            |     3 |     7 |     4 |       ||    14
       Potion            |       |       |     5 |     1 ||     6
 Stab: Sleeping          |    12 |    12 |    34 |     1 ||    59
       Distracted        |       |       |     1 |       ||     1
Armor: Skin              |     3 |     8 |    17 |       ||    28
Dodge: Dodged            |    22 |    38 |   112 |     4 ||   176
Block: Kite shield       |    16 |    38 |   159 |    13 ||   226
